 Dungeon Crawl Stone Soup version 0.31-a0-37-g98a128e1d9 (webtiles) character file.

Game seed: 3306991020087875789

10 graymark the Trooper (level 2, -1/28 HPs)
             Began as a Naga Fighter on May 15, 2023.
             Succumbed to a kobold's poison
             ... on level 1 of the Dungeon.
             The game lasted 00:00:47 (152 turns).

graymark the Trooper (Naga Fighter)                  Turns: 152, Time: 00:00:48

Health: -1/28      AC:  4    Str: 18    XL:     2   Next: 20%
Magic:  2/2        EV:  7    Int:  8    God:
Gold:   17         SH:  4    Dex: 10    Spells: 1/1 levels left

rFire   . . .        a - +0 war axe
rCold   . . .        c - +0 buckler
rNeg    . . .        b - +0 scale mail
rPois   +            (no helmet)
rElec   .            (no cloak)
rCorr   .            (no gloves)
SInv    +            (no barding)
Will    .....        (no amulet) Stlth
                     (no ring)
HPRegen 0.24/turn    (no ring)
MPRegen 0.08/turn

%: no passive effects
@: mighty, lethally poisoned (-1 -> -14), very slow
A: AC +0, large, see invisible, deformed body, poison resistance, slowness 2,
spit poison 1, naga tail 1
a: Spit Poison


You were on level 1 of the Dungeon.
You visited 1 branch of the dungeon, and saw 1 of its levels.

You collected 17 gold pieces.

Inventory:

Hand Weapons
 a - a +0 war axe (weapon)
Armour
 b - a +0 scale mail (worn)
 c - a +0 buckler (worn)


   Skills:
 + Level 3.1 Fighting
 + Level 2.1 Axes
 + Level 2.5 Armour
 * Level 0.6 Dodging
 + Level 2.8 Shields


You had one spell level left.
You didn't know any spells.
Your spell library was empty.

Dungeon Overview and Level Annotations

Branches:
Dungeon (1/15)

Altars:


Innate Abilities, Weirdness & Mutations

Your serpentine skin is tough. (AC +0)
You have supernaturally acute eyesight. (SInv)
Armour fits poorly on your strangely shaped body.
Your system is resistant to poisons. (rPois)
You cover ground very slowly.
You can spit poison.
You have a snake-like lower body.


Message History

Found a whip.
The dart slug bites you.
You slash the dart slug!
The dart slug is almost dead.
The dart slug bites you but does no damage.
You hit the dart slug.
You kill the dart slug!
No target in view!
You see here a +0 whip.
A kobold comes into view.
It is wielding a +2 short sword of venom.
The kobold shouts!
A kobold is nearby!
You hit the kobold.
The kobold is severely wounded.
An endoplasm comes into view.
The kobold hits you with a +2 short sword of venom.
You are poisoned.
You barely miss the kobold.
The kobold is severely wounded.
You feel very sick.
The endoplasm quivers.
The kobold barely misses you.
You closely miss the kobold.
The kobold is severely wounded.
You feel very sick.
The kobold hits you with a +2 short sword of venom.
You are lethally poisoned!
The endoplasm freezes you.
You are frozen.
The kobold barely misses you.
You feel very mighty all of a sudden.
* * * LOW HITPOINT WARNING * * *
You feel very sick. The endoplasm closely misses you.
The kobold hits you with a +2 short sword of venom.
* * * LOW HITPOINT WARNING * * *
You closely miss the kobold.
The kobold is severely wounded.
You slash the endoplasm!
You kill the endoplasm!
You die...

#.#.#.# #.#
#...#.#..#.#
..#..#.#
#....#.# .#
#....#.# #.#
#....#.# #.#
...#.# #.
#.####.#.# #
#.....K@.#
######.###
#### #. ....
.. #### ##.
.. # ## #.
#.# #.#


You could see a kobold.

Vanquished Creatures
  A dart slug (D:1)
  A bat (D:1)
  An endoplasm (D:1)
  A giant cockroach (D:1)
  3 hobgoblins (D:1)
  A rat (D:1)
8 creatures vanquished.

Notes
Turn   | Place    | Note
-------+----------+-------------------------------------------
     0 | D:1      | graymark the Naga Fighter began the quest for the Orb.
     0 | D:1      | Reached XP level 1. HP: 21/21 MP: 1/1
   112 | D:1      | Reached XP level 2. HP: 28/28 MP: 2/2
   152 | D:1      | Succumbed to a kobold's poison

Illustrated notes

Levels and vault maps discovered:
D:1:      spicycebolla_arrival_xxxplode, layout_basic,
          hellmonk_ecumenical_altar_lost_god, serial_park_tiny_1

Action                     || total
---------------------------++-------
  Melee: War axe           ||    16
    Use: Potion            ||     1
 Armour: Scale mail        ||     5
  Dodge: Dodged            ||     7
  Block: Buckler           ||     1

Table legend: (Time is in decaauts)
 A = Elapsed time spent in this place.
 B = Non-inter-level travel time spent in this place.
 C = Inter-level travel time spent in this place.
 D = Time resting spent in this place.
 E = Time spent auto-exploring this place.
 F = Levels seen in this place.
 G = Mean time per level.
                   A        B        C        D        E       F      G
               +--------+--------+--------+--------+--------+-----+--------+
         Total |    198 |    198 |      0 |      0 |    149 |   1 |  198.0 |
       Dungeon |    198 |    198 |      0 |      0 |    149 |   1 |  198.0 |
               +--------+--------+--------+--------+--------+-----+--------+

Top non-repeatable levels by time:
     D:1: 198 daAuts
